MWL (24 & UNDER)
LEE'S SUMMIT TIGERS @ COLUMBIA 08S
04/02/2024
 
TOP OF THE 1ST
Lee's Summit Tigers batting - Pitching for Columbia 08s : LHP Júlio Gracía
Pitching: LHP Júlio Gracía
Batting: LHB Juan Hinojosa 0-0: Ball
1-0: Called Strike
1-1: Foul Ball, location: 2F
1-2: Ball
2-2: Strikes out looking
Batting: RHB Doug Delaney 0-0: Ball
1-0: Called Strike
1-1: SINGLE (Line Drive, 89S)
Batting: RHB Ed Watkins 0-0: Ball
1-0: Foul Ball, location: 2F
1-1: Ball
2-1: Ball
3-1: Foul Ball, location: 2F
3-2: Base on Balls
Doug Delaney to second
Batting: RHB Desi Thompson 0-0: Ball
1-0: SINGLE (Line Drive, 89S)
Doug Delaney to third
Ed Watkins to second
Runner from 3rd tries for Home, SAFE, no throw or cutoff
Batting: RHB Carlos Flores 0-0: Ball
1-0: Called Strike
1-1: Ball
2-1: Swinging Strike
2-2: Ball
3-2: Strikes out looking
Batting: RHB Flint Todd 0-0: Ball
1-0: Ball
2-0: Ball
3-0: Base on Balls
Ed Watkins to third
Desi Thompson to second
Batting: RHB Werner Watkins 0-0: Ball
1-0: Ball
2-0: Foul Ball, location: 2F
2-1: Foul Ball, location: 2F
2-2: Ball
3-2: Foul Ball, location: 2F
3-2: Foul Ball, location: 2F
3-2: Fly out, F8 (Flyball, 8RS)
Top of the 1st over - 1 run(s), 2 hit(s), 0 error(s), 3 left on base; Lee's Summit 1 - Columbia 0
BOTTOM OF THE 1ST
Columbia 08s batting - Pitching for Lee's Summit Tigers : LHP José Gallegos
Pitching: LHP José Gallegos
Batting: RHB Irving Galloway 0-0: Foul Ball, location: 2F
0-1: Swinging Strike
0-2: Fly out, F9 (Flyball, 89M)
Batting: RHB Chris Jones 0-0: Ball
1-0: Called Strike
1-1: Called Strike
1-2: Foul Ball, location: 2F
1-2: Ball
2-2: Foul Ball, location: 2F
2-2: Ball
3-2: Base on Balls
Batting: RHB Ramiro Chávez 0-0: SINGLE (Line Drive, 7S)
Chris Jones to second
Batting: LHB Colm Massey 0-0: Called Strike
0-1: Foul Ball, location: 2F
0-2: Ball
1-2: Strikes out swinging
Batting: RHB Martín Pérez 0-0: Ball
1-0: Called Strike
1-1: Ball
2-1: SINGLE (Line Drive, 34D)
Chris Jones to third
Ramiro Chávez to second
Batting: LHB Daniel Carter 0-0: Ball
1-0: Foul Ball, location: 2F
1-1: Ball
2-1: Ball
3-1: Foul Ball, location: 2F
3-2: Strikes out looking
Bottom of the 1st over - 0 run(s), 2 hit(s), 0 error(s), 3 left on base; Lee's Summit 1 - Columbia 0
TOP OF THE 2ND
Lee's Summit Tigers batting - Pitching for Columbia 08s : LHP Júlio Gracía
Batting: LHB José López 0-0: Ball
1-0: Reached on error, E3 (Groundball, 3L)
Batting: LHB Andrés Arredondo 0-0: Ball
1-0: Fly out, F9 (Flyball, 89M)
Batting: LHB Juan Hinojosa 0-0: Ball
1-0: Grounds into double play, U4-3 (Groundball, 4)
Top of the 2nd over - 0 run(s), 0 hit(s), 1 error(s), 0 left on base; Lee's Summit 1 - Columbia 0
BOTTOM OF THE 2ND
Columbia 08s batting - Pitching for Lee's Summit Tigers : LHP José Gallegos
Batting: RHB Ramón Zamora 0-0: Called Strike
0-1: Ball
1-1: Foul Ball, location: 2F
1-2: Fly out, F8 (Popup, 6MD)
Batting: RHB Pat Fernández 0-0: Ball
1-0: Called Strike
1-1: Foul Ball, location: 2F
1-2: Fly out, F5 (Line Drive, 5)
Batting: RHB José Orozco 0-0: Ball
1-0: Ground out 5-3 (Groundball, 5)
Bottom of the 2nd over - 0 run(s), 0 hit(s), 0 error(s), 0 left on base; Lee's Summit 1 - Columbia 0
TOP OF THE 3RD
Lee's Summit Tigers batting - Pitching for Columbia 08s : LHP Júlio Gracía
Batting: RHB Doug Delaney 0-0: Called Strike
0-1: Ball
1-1: Foul Ball, location: 2F
1-2: Ground out 4-3 (Groundball, 34)
Batting: RHB Ed Watkins 0-0: Called Strike
0-1: Called Strike
0-2: Fly out, F7 (Flyball, 7D)
Batting: RHB Desi Thompson 0-0: Called Strike
0-1: Foul Ball, location: 2F
0-2: Ball
1-2: Ball
2-2: Strikes out swinging
Top of the 3rd over - 0 run(s), 0 hit(s), 0 error(s), 0 left on base; Lee's Summit 1 - Columbia 0
BOTTOM OF THE 3RD
Columbia 08s batting - Pitching for Lee's Summit Tigers : LHP José Gallegos
Batting: RHB Irving Galloway 0-0: Ball
1-0: Ball
2-0: Called Strike
2-1: Ball
3-1: Base on Balls
Batting: RHB Chris Jones 0-0: Ball
Irving Galloway steals 2nd base
1-0: Fly out, F9 (Popup, 9LS)
Batting: RHB Ramiro Chávez 0-0: Ground out 6-3 (Groundball, 6)
Irving Galloway to third
Batting: LHB Colm Massey 0-0: Ball
1-0: Ball
2-0: Foul Ball, location: 2F
2-1: Called Strike
2-2: Ground out 5-3 (Groundball, 5D)
Bottom of the 3rd over - 0 run(s), 0 hit(s), 0 error(s), 1 left on base; Lee's Summit 1 - Columbia 0
TOP OF THE 4TH
Lee's Summit Tigers batting - Pitching for Columbia 08s : LHP Júlio Gracía
Batting: RHB Carlos Flores 0-0: Ball
1-0: Called Strike
1-1: Swinging Strike
1-2: Strikes out looking
Batting: RHB Flint Todd 0-0: Hit by Pitch
Batting: RHB Werner Watkins 0-0: Ball
1-0: Foul Ball, location: 2F
1-1: SINGLE (Line Drive, 7S)
Flint Todd to second
Batting: LHB José López 0-0: Called Strike
0-1: Swinging Strike
0-2: Ball
1-2: Strikes out swinging
Batting: LHB Andrés Arredondo 0-0: Called Strike
0-1: Ball
1-1: Foul Ball, location: 2F
1-2: Strikes out swinging
Top of the 4th over - 0 run(s), 1 hit(s), 0 error(s), 2 left on base; Lee's Summit 1 - Columbia 0
BOTTOM OF THE 4TH
Columbia 08s batting - Pitching for Lee's Summit Tigers : LHP José Gallegos
Batting: RHB Martín Pérez 0-0: Called Strike
0-1: Ball
1-1: Ball
2-1: Foul Ball, location: 2F
2-2: Ball
3-2: Strikes out looking
Batting: LHB Daniel Carter 0-0: Ball
1-0: Called Strike
1-1: Foul Ball, location: 2F
1-2: Strikes out swinging
Batting: RHB Ramón Zamora 0-0: Ball
1-0: Ball
2-0: Ball
3-0: Base on Balls
Batting: RHB Pat Fernández 0-0: Ball
1-0: Fielders Choice at 2nd, 6-4 (Groundball, 6)
Bottom of the 4th over - 0 run(s), 0 hit(s), 0 error(s), 0 left on base; Lee's Summit 1 - Columbia 0
TOP OF THE 5TH
Lee's Summit Tigers batting - Pitching for Columbia 08s : LHP Júlio Gracía
Batting: LHB Juan Hinojosa 0-0: Called Strike
0-1: Ground out 4-3 (Groundball, 4)
Batting: RHB Doug Delaney 0-0: Foul Ball, location: 2F
0-1: Ball
1-1: Foul Ball, location: 2F
1-2: Foul Ball, location: 2F
1-2: Foul Ball, location: 2F
1-2: Ball
2-2: Foul Ball, location: 2F
2-2: Ball
3-2: Foul Ball, location: 2F
3-2: Foul Ball, location: 2F
3-2: Foul Ball, location: 2F
3-2: Base on Balls
Batting: RHB Ed Watkins 0-0: Called Strike
0-1: Called Strike
0-2: Ball
1-2: Fly out, F2 (Popup, 2LF)
Pitching: RHP Bill Sampson
Batting: RHB Desi Thompson 0-0: Ball
1-0: Called Strike
1-1: Ball
Doug Delaney steals 2nd base
2-1: Swinging Strike
2-2: Ball
3-2: SINGLE (Groundball, 34)
Doug Delaney to third
Doug Delaney scores
Batting: RHB Carlos Flores 0-0: Called Strike
0-1: Ball
1-1: Ball
2-1: Ball
3-1: SINGLE (Flyball, 9LS)
Desi Thompson to second
Runner from 2nd tries for 3rd, SAFE, no throw or cutoff
Batting: RHB Flint Todd 0-0: Called Strike
0-1: Ball
1-1: Ball
2-1: DOUBLE (Line Drive, 9LS)
Desi Thompson scores
Carlos Flores to third
Runner from 3rd tries for Home, SAFE, throw made home
Batting: RHB Werner Watkins 0-0: Ball
1-0: Foul Ball, location: 2F
Balk!
Flint Todd to third
1-1: Called Strike
1-2: Ball
2-2: Ball
3-2: Foul Ball, location: 2F
3-2: Strikes out swinging
Top of the 5th over - 3 run(s), 3 hit(s), 0 error(s), 1 left on base; Lee's Summit 4 - Columbia 0
BOTTOM OF THE 5TH
Columbia 08s batting - Pitching for Lee's Summit Tigers : LHP José Gallegos
Batting: RHB José Orozco 0-0: Foul Ball, location: 2F
0-1: Swinging Strike
0-2: Strikes out swinging
Batting: RHB Irving Galloway 0-0: Ball
1-0: Swinging Strike
1-1: Ground out 6-3 (Groundball, 6)
Batting: RHB Chris Jones 0-0: Ball
1-0: SINGLE (Flyball, 89S)
Batting: RHB Ramiro Chávez 0-0: Called Strike
0-1: Fly out, F7 (Flyball, 7LD)
Bottom of the 5th over - 0 run(s), 1 hit(s), 0 error(s), 1 left on base; Lee's Summit 4 - Columbia 0
TOP OF THE 6TH
Lee's Summit Tigers batting - Pitching for Columbia 08s : RHP Bill Sampson
Batting: LHB José López 0-0: Swinging Strike
0-1: Ball
1-1: Foul Ball, location: 2F
1-2: Ball
2-2: Strikes out swinging
Batting: LHB Andrés Arredondo 0-0: Ball
1-0: Ball
2-0: Ball
3-0: Base on Balls
Batting: LHB Juan Hinojosa 0-0: Swinging Strike
0-1: Ball
Andrés Arredondo steals 2nd base
1-1: Ball
2-1: Foul Ball, location: 2F
2-2: Strikes out swinging
Batting: RHB Doug Delaney 0-0: Swinging Strike
0-1: Foul Ball, location: 2F
0-2: Strikes out swinging
Top of the 6th over - 0 run(s), 0 hit(s), 0 error(s), 1 left on base; Lee's Summit 4 - Columbia 0
BOTTOM OF THE 6TH
Columbia 08s batting - Pitching for Lee's Summit Tigers : LHP José Gallegos
Batting: LHB Colm Massey 0-0: TRIPLE (Line Drive, 3L)
Batting: RHB Martín Pérez 0-0: Called Strike
0-1: Swinging Strike
0-2: Strikes out looking
Batting: LHB Daniel Carter 0-0: Ball
1-0: Ball
2-0: Called Strike
2-1: Foul Ball, location: 2F
2-2: Foul Ball, location: 2F
2-2: Ball
3-2: Base on Balls
Pitching: RHP Ángel Guzmán
Batting: RHB Ramón Zamora 0-0: Called Strike
Daniel Carter is caught stealing 2nd base
0-1: SINGLE (Line Drive, 8LM)
Colm Massey scores
Batting: RHB Pat Fernández 0-0: Ball
Ramón Zamora steals 2nd base
1-0: Called Strike
1-1: Called Strike
1-2: Strikes out looking
Bottom of the 6th over - 1 run(s), 2 hit(s), 0 error(s), 1 left on base; Lee's Summit 4 - Columbia 1
TOP OF THE 7TH
Lee's Summit Tigers batting - Pitching for Columbia 08s : RHP Bill Sampson
Batting: RHB Ed Watkins 0-0: Called Strike
0-1: Ball
1-1: Ball
2-1: SINGLE (Groundball, 34S)
Pitching: LHP Mike Stevens
Batting: RHB Desi Thompson 0-0: Ball
1-0: Called Strike
1-1: Ball
2-1: Swinging Strike
2-2: Foul Ball, location: 2F
2-2: Strikes out swinging
Batting: RHB Carlos Flores 0-0: Grounds into double play, 4-6-3 (Groundball, 34)
Top of the 7th over - 0 run(s), 1 hit(s), 0 error(s), 0 left on base; Lee's Summit 4 - Columbia 1
BOTTOM OF THE 7TH
Columbia 08s batting - Pitching for Lee's Summit Tigers : RHP Ángel Guzmán
Batting: RHB José Orozco 0-0: Ball
1-0: Ball
2-0: Ball
3-0: Called Strike
3-1: Called Strike
3-2: Base on Balls
Batting: RHB Irving Galloway 0-0: Called Strike
0-1: Foul Ball, location: 2F
0-2: Foul Ball, location: 2F
0-2: Foul Ball, location: 2F
0-2: Ball
1-2: Ball
2-2: Strikes out swinging
Batting: RHB Chris Jones 0-0: Ball
1-0: Swinging Strike
1-1: Ball
2-1: Foul Ball, location: 2F
2-2: Foul Ball, location: 2F
2-2: Foul Ball, location: 2F
2-2: Ball
3-2: Base on Balls
José Orozco to second
Batting: RHB Ramiro Chávez 0-0: SINGLE (Line Drive, 7S)
José Orozco to third
Chris Jones to second
Runner from 3rd tries for Home, SAFE, throw made at trailing runner, OUT at third!
Batting: LHB Colm Massey 0-0: DOUBLE (Flyball, 78D)
Ramiro Chávez to third
Pinch Hitting: RHB Joel Carlson 0-0: Fly out, F8 (Line Drive, 8LM)
Bottom of the 7th over - 1 run(s), 2 hit(s), 0 error(s), 2 left on base; Lee's Summit 4 - Columbia 2
TOP OF THE 8TH
Lee's Summit Tigers batting - Pitching for Columbia 08s : LHP Mike Stevens
Now at SS: Joel Carlson
Batting: RHB Flint Todd 0-0: Ball
1-0: Ball
2-0: Ball
3-0: Called Strike
3-1: Swinging Strike
3-2: Foul Ball, location: 2F
3-2: Strikes out looking
Batting: RHB Werner Watkins 0-0: Ball
1-0: Called Strike
1-1: Ball
2-1: Ball
3-1: Base on Balls
Batting: LHB José López 0-0: Ball
1-0: Foul Ball, location: 2F
1-1: Swinging Strike
1-2: Ball
2-2: Strikes out looking
Batting: LHB Andrés Arredondo 0-0: Ball
1-0: Swinging Strike
1-1: Ball
2-1: Ball
3-1: Base on Balls
Werner Watkins to second
Pinch Hitting: RHB James Stevens 0-0: Foul Ball, location: 2F
0-1: Foul Ball, location: 2F
0-2: Strikes out swinging
Top of the 8th over - 0 run(s), 0 hit(s), 0 error(s), 2 left on base; Lee's Summit 4 - Columbia 2
BOTTOM OF THE 8TH
Columbia 08s batting - Pitching for Lee's Summit Tigers : RHP Ángel Guzmán
Now at 1B: Alfredo Sánchez
Batting: LHB Daniel Carter 0-0: DOUBLE (Flyball, 8LXD)
Batting: RHB Ramón Zamora 0-0: Swinging Strike
0-1: Swinging Strike
0-2: Ball
1-2: Ball
2-2: Foul Ball, location: 2F
2-2: Strikes out looking
Pitching: LHP Tony Rivera
Batting: RHB Pat Fernández 0-0: Foul Ball, location: 2F
0-1: Called Strike
0-2: Strikes out swinging
Batting: RHB José Orozco 0-0: SINGLE (Groundball, 4D)
Daniel Carter to third
Runner from 3rd tries for Home, SAFE, no throw or cutoff
Pinch Hitting: RHB António Cruz 0-0: Fly out, F4 (Line Drive, 4M)
Bottom of the 8th over - 1 run(s), 2 hit(s), 0 error(s), 1 left on base; Lee's Summit 4 - Columbia 3
TOP OF THE 9TH
Lee's Summit Tigers batting - Pitching for Columbia 08s : LHP Mike Stevens
Now at 2B: Rodrigo González
Batting: RHB Doug Delaney 0-0: Ball
1-0: Ball
2-0: Ball
3-0: Called Strike
3-1: Base on Balls
Batting: RHB Ed Watkins 0-0: Ball
1-0: Swinging Strike
1-1: Grounds into double play, 5-4-3 (Groundball, 56)
Batting: RHB Desi Thompson 0-0: Ground out 4-3 (Groundball, 4)
Top of the 9th over - 0 run(s), 0 hit(s), 0 error(s), 0 left on base; Lee's Summit 4 - Columbia 3
BOTTOM OF THE 9TH
Columbia 08s batting - Pitching for Lee's Summit Tigers : LHP Tony Rivera
Pitching: RHP Augusto Pérez
Now in RF: Bill Frazier
Batting: RHB Chris Jones 0-0: Ball
1-0: Foul Ball, location: 2F
1-1: Foul Ball, location: 2F
1-2: Strikes out swinging
Batting: RHB Ramiro Chávez 0-0: Called Strike
0-1: Ground out 5-3 (Groundball, 56)
Batting: LHB Colm Massey 0-0: Ball
1-0: Called Strike
1-1: Swinging Strike
1-2: Strikes out swinging
Bottom of the 9th over - 0 run(s), 0 hit(s), 0 error(s), 0 left on base; Lee's Summit 4 - Columbia 3
This league is powered by Out of the Park Baseball, the baseball management simulation game for PC, Mac and Linux
Saturday, April 9th, 2016 - OOTP Baseball 16.8 Build 38